AoeStats
← DavidxGabriel

Arena

510636646Analyzed
4v4 RM · 1d ago on Oct 1, 2026· 39m 43s· 8 players
Game mode
Random Map
Map size
Large (8 player)
Population
200
Speed
Normal
Resources
Standard
Victory
Conquest
Starting age
Dark Age
Ending age
Imperial Age
RankedLock teamsTeams togetherTeam positionsShared explorationLock speedFull tech treeHidden civsTurbo modeCheats
Victory
Defeat
🇺🇸 Burgundians · United States
890
+12
🇲🇽 Vietnamese · Mexico
818
+33
🇵🇪 Khmer · Peru
804
+16
🇵🇪 Vikings · Peru
735
+19
🇫🇷 Mongols · France
815
-16
🇨🇳 Berbers · China
803
-16
🇨🇴 Goths · Colombia
784
-15
🇨🇳 Huns · China
782
-15
卢本伟
9:31 Feudal Age
14:30 Castle Age
12:50 Horse Collar
13:50 Double-Bit Axe
20:05 Heavy Plow
21:33 Wheelbarrow
28:02 Imperial Age
26:02 Stone Mining
28:18 Marauders
29:06 Conscription
29:18 Bloodlines
29:09 Husbandry
29:26 Light Cavalry
30:22 Forging
30:18 Scale Barding Armor
33:27 Chain Barding Armor
33:44 Iron Casting
33:16 Gold Mining
33:25 Elite Tarkan
34:43 Plate Barding Armor
35:03 Bow Saw
39:17 Blast Furnace
38:44 Hand Cart
Arno l'architecte
4:46 Loom
13:14 Feudal Age
20:57 Castle Age
19:35 Horse Collar
19:43 Double-Bit Axe
19:49 Stone Mining
20:05 Gold Mining
31:03 Fortified Wall
36:33 Wheelbarrow
38:13 Ballistics
37:47 Fletching
37:57 Padded Archer Armor
40:03 Hand Cart
luhigy23
0:41 Loom
13:49 Feudal Age
15:18 Wheelbarrow
14:32 Double-Bit Axe
17:50 Castle Age
26:41 Hand Cart
29:44 Anarchy
30:51 Scale Mail Armor
31:01 Forging
36:08 Imperial Age
35:55 Chain Mail Armor
36:16 Iron Casting
35:37 Gold Mining
俺讨厌种田
5:16 Loom
11:38 Feudal Age
15:39 Castle Age
13:41 Double-Bit Axe
14:38 Horse Collar
22:29 Wheelbarrow
27:32 Hand Cart
29:16 Elite Skirmisher
31:41 Bloodlines
31:32 Husbandry
30:53 Light Cavalry
36:37 Imperial Age
34:40 Padded Archer Armor
34:30 Fletching
34:51 Forging
38:38 Iron Casting
38:04 Scale Mail Armor
38:09 Scale Barding Armor
38:20 Leather Archer Armor
38:00 Bodkin Arrow
38:59 Heavy Camel Rider
39:00 Cavalier
39:00 Hussar
Anipazronkin
2:02 Loom
2:59 Loom
3:15 Loom
4:28 Loom
5:48 Loom
6:20 Loom
9:01 Loom
9:33 Loom
11:20 Feudal Age
10:36 Wheelbarrow
11:32 Feudal Age
10:19 Double-Bit Axe
10:45 Horse Collar
14:01 Bow Saw
14:09 Heavy Plow
15:25 Hand Cart
15:22 Gold Mining
16:47 Scale Mail Armor
16:57 Forging
17:37 Gold Shaft Mining
18:04 Arson
21:06 Stone Mining
22:31 Stone Shaft Mining
25:02 Town Watch
27:17 Castle Age
28:07 Pikeman
28:50 Squires
29:07 Chain Mail Armor
29:27 Iron Casting
29:46 Fletching
32:02 Guilds
33:02 Bodkin Arrow
F R E E D O Mº
0:32 Loom
11:56 Feudal Age
12:38 Double-Bit Axe
12:40 Horse Collar
16:02 Stone Mining
18:53 Castle Age
20:38 Fletching
21:18 Gold Mining
22:43 Bow Saw
22:32 Bodkin Arrow
23:35 Padded Archer Armor
24:18 Ballistics
24:32 Treadmill Crane
25:25 Heavy Plow
26:14 Leather Archer Armor
28:37 Murder Holes
28:45 Town Watch
32:59 Imperial Age
33:22 Town Patrol
33:40 Bracer
34:10 Ring Archer Armor
35:06 Chemistry
33:43 Crossbowman
34:31 Thumb Ring
37:37 Forging
37:27 Scale Mail Armor
36:53 Man-at-Arms
36:55 Pikeman
37:36 Squires
37:21 Arson
38:24 Paper Money
37:37 Halberdier
God Ganesh
0:58 Loom
13:36 Feudal Age
15:00 Horse Collar
15:07 Double-Bit Axe
21:32 Castle Age
20:30 Gold Mining
23:06 Heavy Plow
24:26 Gold Shaft Mining
30:24 Imperial Age
30:41 Wheelbarrow
30:25 Fletching
32:29 Chemistry
31:32 Heavy Scorpion
33:14 Double Crossbow
33:56 Heated Shot
35:47 Bodkin Arrow
38:15 Caravan
DavidxGabriel
0:32 Loom
15:19 Feudal Age
17:18 Double-Bit Axe
17:23 Gold Mining
17:51 Stone Mining
21:01 Castle Age
20:06 Fletching
20:30 Forging
22:57 Gold Shaft Mining
22:14 Fletching
22:35 Town Watch
24:10 Ballistics
23:55 Bodkin Arrow
26:29 Murder Holes
28:52 Iron Casting
29:26 Town Patrol
31:14 Squires
32:15 Pikeman
36:25 Imperial Age
34:33 Scale Mail Armor
34:42 Treadmill Crane
35:38 Bow Saw
36:25 Chieftains
37:36 Chain Mail Armor
37:55 Heavy Scorpion
40:28 Siege Engineers
Connection lost

Rejoining the realm…

Still unreachable

The connection could not be restored.

Session expired

The server has moved on; the page needs a fresh start.